APP
KINGSPORT METS @ SAN FRANCISCO (RK+) GIANTS
06/30/2099
 
TOP OF THE 1ST
Kingsport Mets batting - Pitching for San Francisco (Rk+) Giants : RHP Li Crossingham
Pitching: RHP Li Crossingham
Batting: RHB Bob Bell 0-0: Ball
1-0: Swinging Strike
1-1: SINGLE (Flyball, 34D, EV 90.0 MPH)
Batting: RHB Alex Campos 0-0: Ball
1-0: Ball
2-0: Foul Ball, location: 2F
2-1: Swinging Strike
2-2: Ball
3-2: Base on Balls
Bob Bell to second
Batting: RHB Matt Williams 0-0: Called Strike
0-1: Ball
1-1: 3-RUN HOME RUN (Flyball, 9LD, EV 91.3 MPH), Distance : 325 ft
Batting: RHB Tony Arredondo 0-0: Ball
1-0: Ball
2-0: Called Strike
2-1: Ball
3-1: Base on Balls
Batting: RHB Frits Boere 0-0: Foul Ball, location: 2F
0-1: Ball
1-1: Ground out 5-3 (Groundball, 56S, EV 71.9 MPH)
Tony Arredondo to second
Batting: RHB Chad Martin 0-0: SINGLE (Line Drive, 9LS, EV 93.1 MPH)
Tony Arredondo to third
Batting: RHB Brad Allman 0-0: Ball
1-0: SINGLE (Groundball, 6MS, EV 70.0 MPH) (infield hit)
Tony Arredondo scores
Chad Martin to second
Batting: LHB Cesar Islas 0-0: Called Strike
0-1: Ball
1-1: Called Strike
1-2: Strikes out swinging
Batting: RHB Kayden Jackson 0-0: Ball
1-0: Called Strike
1-1: Swinging Strike
1-2: Foul Ball, location: 3F
1-2: Strikes out swinging
Top of the 1st over - 4 runs, 4 hits, 0 errors, 2 left on base; Kingsport 4 - San Francisco (Rk+) 0
BOTTOM OF THE 1ST
San Francisco (Rk+) Giants batting - Pitching for Kingsport Mets : LHP Ben Johnson
Pitching: LHP Ben Johnson
Batting: LHB Manny Ortiz 0-0: Called Strike
0-1: Fly out, F3 (Line Drive, 3L, EV 66.9 MPH)
Batting: LHB Luis Parada 0-0: Called Strike
0-1: Foul Ball, location: 2LF
0-2: Ground out 4-3 (Groundball, 4, EV 106.3 MPH)
Batting: RHB Pierce Speck 0-0: Called Strike
0-1: Ball
1-1: Ball
2-1: Ball
3-1: Called Strike
3-2: Ground out 1-3 (Groundball, 15S, EV 76.9 MPH)
Bottom of the 1st over - 0 runs, 0 hits, 0 errors, 0 left on base; Kingsport 4 - San Francisco (Rk+) 0
TOP OF THE 2ND
Kingsport Mets batting - Pitching for San Francisco (Rk+) Giants : RHP Li Crossingham
Batting: RHB Bob Bell 0-0: Foul Ball, location: 5DF
0-1: Ball
1-1: Ball
2-1: Foul Ball, location: 7LMF
2-2: Strikes out looking
Batting: RHB Alex Campos 0-0: Foul Ball, location: 5F
0-1: Ball
1-1: Foul Ball, location: 2F
1-2: Ground out 4-3 (Groundball, 4, EV 105.6 MPH)
Batting: RHB Matt Williams 0-0: Ball
1-0: Foul Ball, location: 2RF
1-1: Ground out 5-3 (Groundball, 56S, EV 76.3 MPH)
Top of the 2nd over - 0 runs, 0 hits, 0 errors, 0 left on base; Kingsport 4 - San Francisco (Rk+) 0
BOTTOM OF THE 2ND
San Francisco (Rk+) Giants batting - Pitching for Kingsport Mets : LHP Ben Johnson
Batting: RHB Daniel Nieto 0-0: Called Strike
0-1: Ground out 4-3 (Groundball, 4, EV 83.8 MPH)
Batting: RHB Joey Tolar 0-0: SINGLE (Line Drive, 34, EV 108.8 MPH)
Batting: RHB Austin Higgins 0-0: SINGLE (Flyball, 34D, EV 90.6 MPH)
Joey Tolar to second
Batting: LHB Jason Muma 0-0: Ball
1-0: Foul Ball, location: 3FF
1-1: Foul Ball, location: 7LMF
1-2: Ball
2-2: Foul Ball, location: 25FF
2-2: Foul Ball, location: 7LDF
2-2: Fly out, F7 (Line Drive, 7S, EV 93.1 MPH)
Batting: RHB Mike Wangsgard 0-0: Fielders Choice at 3rd, U5 (Groundball, 5, EV 89.4 MPH)
Bottom of the 2nd over - 0 runs, 2 hits, 0 errors, 1 left on base; Kingsport 4 - San Francisco (Rk+) 0
TOP OF THE 3RD
Kingsport Mets batting - Pitching for San Francisco (Rk+) Giants : RHP Li Crossingham
Batting: RHB Tony Arredondo 0-0: Called Strike
0-1: Ball
1-1: Ball
2-1: Ball
3-1: Swinging Strike
3-2: Foul Ball, location: 5F
3-2: Fly out, F4 (Popup, 34S, EV 70.6 MPH)
Batting: RHB Frits Boere 0-0: Ball
1-0: Swinging Strike
1-1: Swinging Strike
1-2: Strikes out looking
Batting: RHB Chad Martin 0-0: Fly out, F7 (Flyball, 78S, EV 97.5 MPH)
Top of the 3rd over - 0 runs, 0 hits, 0 errors, 0 left on base; Kingsport 4 - San Francisco (Rk+) 0
BOTTOM OF THE 3RD
San Francisco (Rk+) Giants batting - Pitching for Kingsport Mets : LHP Ben Johnson
Batting: RHB Manny Diaz 0-0: Called Strike
0-1: Ball
1-1: Ball
2-1: Foul Ball, location: 9LSF
2-2: Foul Ball, location: 5FF
2-2: Foul Ball, location: 3F
2-2: Strikes out swinging
Batting: LHB Manny Ortiz 0-0: Ball
1-0: Ball
2-0: Ball
3-0: Called Strike
3-1: Foul Ball, location: 2F
3-2: Ground out 6-3 (Groundball, 6, EV 91.3 MPH)
Batting: LHB Luis Parada 0-0: Ball
1-0: Ball
2-0: Fly out, F7 (Line Drive, 78M, EV 87.5 MPH)
Bottom of the 3rd over - 0 runs, 0 hits, 0 errors, 0 left on base; Kingsport 4 - San Francisco (Rk+) 0
TOP OF THE 4TH
Kingsport Mets batting - Pitching for San Francisco (Rk+) Giants : RHP Li Crossingham
Batting: RHB Brad Allman 0-0: Ball
1-0: Called Strike
1-1: Ball
2-1: Fly out, F7 (Flyball, 7D, EV 103.8 MPH)
Batting: LHB Cesar Islas 0-0: Ball
1-0: Ball
2-0: Ball
3-0: Foul Ball, location: 5F
3-1: Base on Balls
Batting: RHB Kayden Jackson 0-0: Ball
1-0: Ball
2-0: Ball
3-0: Base on Balls
Cesar Islas to second
Pitching: RHP Bobby Williams
Batting: RHB Bob Bell 0-0: Called Strike
0-1: Foul Ball, location: 2F
0-2: Ball
1-2: Strikes out swinging
Batting: RHB Alex Campos 0-0: Ball
1-0: Called Strike
1-1: Called Strike
1-2: Fly out, F4 (Popup, 34S, EV 80.6 MPH)
Top of the 4th over - 0 runs, 0 hits, 0 errors, 2 left on base; Kingsport 4 - San Francisco (Rk+) 0
BOTTOM OF THE 4TH
San Francisco (Rk+) Giants batting - Pitching for Kingsport Mets : LHP Ben Johnson
Batting: RHB Pierce Speck 0-0: Ball
1-0: SINGLE (Groundball, 56D, EV 104.4 MPH) (infield hit)
Batting: RHB Daniel Nieto 0-0: Ball
1-0: Foul Ball, location: 9LSF
1-1: Foul Ball, location: 3DF
1-2: Ball
2-2: Hit by Pitch
Pierce Speck to second
Batting: RHB Joey Tolar 0-0: Called Strike
0-1: Foul Ball, location: 7LMF
0-2: Foul Ball, location: 2F
0-2: Foul Ball, location: 5F
0-2: Foul Ball, location: 9LDF
0-2: Ball
1-2: Ball
2-2: Strikes out swinging
Batting: RHB Austin Higgins 0-0: Ball
1-0: DOUBLE (Line Drive, 7LM, EV 101.9 MPH)
Pierce Speck scores
Daniel Nieto to third
Batting: LHB Jason Muma 0-0: Ball
1-0: Ball
2-0: Called Strike
2-1: Ball
3-1: Foul Ball, location: 7LMF
3-2: Foul Ball, location: 7LMF
3-2: Foul Ball, location: 7LSF
3-2: Strikes out swinging
Batting: RHB Mike Wangsgard 0-0: Called Strike
0-1: Ball
1-1: Foul Ball, location: 2F
1-2: Ball
2-2: Fly out, F8 (Flyball, 8RS, EV 87.5 MPH)
Bottom of the 4th over - 1 run, 2 hits, 0 errors, 2 left on base; Kingsport 4 - San Francisco (Rk+) 1
TOP OF THE 5TH
Kingsport Mets batting - Pitching for San Francisco (Rk+) Giants : RHP Bobby Williams
Batting: RHB Matt Williams 0-0: Ball
1-0: Foul Ball, location: 7LSF
1-1: Swinging Strike
1-2: Ball
2-2: Foul Ball, location: 9LDF
2-2: Strikes out swinging
Batting: RHB Tony Arredondo 0-0: Foul Ball, location: 9LSFF
0-1: Called Strike
0-2: SINGLE (Flyball, 3D, EV 85.6 MPH)
Batting: RHB Frits Boere 0-0: Called Strike
0-1: Ball
1-1: Grounds into double play, 4-6-3 (Groundball, 34, EV 107.5 MPH)
Top of the 5th over - 0 runs, 1 hit, 0 errors, 0 left on base; Kingsport 4 - San Francisco (Rk+) 1
BOTTOM OF THE 5TH
San Francisco (Rk+) Giants batting - Pitching for Kingsport Mets : LHP Ben Johnson
Batting: RHB Manny Diaz 0-0: Called Strike
0-1: Ground out 5-3 (Groundball, 56, EV 103.1 MPH)
Batting: LHB Manny Ortiz 0-0: Called Strike
0-1: Ground out U3 (Groundball, 3L, EV 103.1 MPH)
Batting: LHB Luis Parada 0-0: Ball
1-0: Ball
2-0: Ball
3-0: Base on Balls
Pitching: LHP Jacob Lomax
Batting: RHB Pierce Speck 0-0: Ball
1-0: Fly out, F8 (Flyball, 8RM, EV 85.6 MPH)
Bottom of the 5th over - 0 runs, 0 hits, 0 errors, 1 left on base; Kingsport 4 - San Francisco (Rk+) 1
TOP OF THE 6TH
Kingsport Mets batting - Pitching for San Francisco (Rk+) Giants : RHP Bobby Williams
Batting: RHB Chad Martin 0-0: Called Strike
0-1: Foul Ball, location: 2F
0-2: Ball
1-2: Strikes out looking
Batting: RHB Brad Allman 0-0: Fly out, F4 (Popup, 4, EV 62.5 MPH)
Batting: LHB Cesar Islas 0-0: Ball
1-0: Foul Ball, location: 5SF
1-1: Called Strike
1-2: Ground out 1-3 (Groundball, 13S, EV 71.3 MPH)
Top of the 6th over - 0 runs, 0 hits, 0 errors, 0 left on base; Kingsport 4 - San Francisco (Rk+) 1
BOTTOM OF THE 6TH
San Francisco (Rk+) Giants batting - Pitching for Kingsport Mets : LHP Jacob Lomax
Batting: RHB Daniel Nieto 0-0: Ball
1-0: Swinging Strike
1-1: Foul Ball, location: 2RF
1-2: Strikes out swinging
Batting: RHB Joey Tolar 0-0: Fly out, F3 (Popup, 3S, EV 81.3 MPH)
Batting: RHB Austin Higgins 0-0: Foul Ball, location: 23F
0-1: Ball
1-1: Swinging Strike
1-2: Ball
2-2: Foul Ball, location: 5FF
2-2: Foul Ball, location: 2F
2-2: Foul Ball, location: 2F
2-2: Foul Ball, location: 9LSF
2-2: Strikes out swinging
Bottom of the 6th over - 0 runs, 0 hits, 0 errors, 0 left on base; Kingsport 4 - San Francisco (Rk+) 1
TOP OF THE 7TH
Kingsport Mets batting - Pitching for San Francisco (Rk+) Giants : RHP Bobby Williams
Batting: RHB Kayden Jackson 0-0: Swinging Strike
0-1: Foul Ball, location: 9LSF
0-2: Foul Ball, location: 9LDF
0-2: Ball
1-2: Strikes out looking
Batting: RHB Bob Bell 0-0: Called Strike
0-1: Called Strike
0-2: Fly out, F8 (Flyball, 8LD, EV 96.9 MPH)
Batting: RHB Alex Campos 0-0: SINGLE (Line Drive, 8LS, EV 91.3 MPH)
Pitching: RHP Phil Banning
Batting: RHB Matt Williams 0-0: Ball
1-0: Ball
2-0: Foul Ball, location: 2F
2-1: Swinging Strike
2-2: Strikes out swinging
Top of the 7th over - 0 runs, 1 hit, 0 errors, 1 left on base; Kingsport 4 - San Francisco (Rk+) 1
BOTTOM OF THE 7TH
San Francisco (Rk+) Giants batting - Pitching for Kingsport Mets : LHP Jacob Lomax
Batting: LHB Jason Muma 0-0: Ball
1-0: Ball
2-0: Called Strike
2-1: Swinging Strike
2-2: Ball
3-2: Foul Ball, location: 5F
3-2: Base on Balls
Batting: RHB Mike Wangsgard 0-0: Called Strike
0-1: Ball
1-1: Foul Ball, location: 23FF
1-2: Ball
2-2: Ball
3-2: Foul Ball, location: 2F
3-2: Strikes out swinging
Pinch Hitting: RHB Angel Villalba 0-0: Grounds into double play, 5-4-3 (Groundball, 56, EV 85.6 MPH)
Bottom of the 7th over - 0 runs, 0 hits, 0 errors, 0 left on base; Kingsport 4 - San Francisco (Rk+) 1
TOP OF THE 8TH
Kingsport Mets batting - Pitching for San Francisco (Rk+) Giants : RHP Phil Banning
Now at SS: Angel Villalba
Batting: RHB Tony Arredondo 0-0: Foul Ball, location: 7LDF
0-1: Foul Ball, location: 9LMF
0-2: SINGLE (Groundball, 6MD, EV 100.6 MPH)
Batting: RHB Frits Boere 0-0: SINGLE (Line Drive, 8RS, EV 105.0 MPH)
Tony Arredondo to second
Runner from 2nd tries for 3rd, SAFE, throw by CF made to third
Batting: RHB Chad Martin 0-0: Ball
Pickoff Throw to First - Out! 1-3
1-0: Ball
2-0: Called Strike
2-1: Called Strike
2-2: SINGLE (Line Drive, 4MD, EV 98.1 MPH)
Tony Arredondo scores
Batting: RHB Brad Allman 0-0: Called Strike
0-1: Foul Ball, location: 2F
0-2: Ball
1-2: Ball
2-2: Foul Ball, location: 5F
2-2: Ball
3-2: Strikes out swinging
Batting: LHB Cesar Islas 0-0: Ball
1-0: Foul Ball, location: 2F
1-1: SINGLE (Groundball, 4MD, EV 100.0 MPH)
Chad Martin to second
Batting: RHB Kayden Jackson 0-0: Fly out, F4 (Popup, 4S, EV 65.0 MPH)
Top of the 8th over - 1 run, 4 hits, 0 errors, 2 left on base; Kingsport 5 - San Francisco (Rk+) 1
BOTTOM OF THE 8TH
San Francisco (Rk+) Giants batting - Pitching for Kingsport Mets : LHP Jacob Lomax
Batting: LHB Manny Ortiz 0-0: Called Strike
0-1: Called Strike
0-2: Ball
1-2: Strikes out swinging
Batting: LHB Luis Parada 0-0: Foul Ball, location: 5F
0-1: Called Strike
0-2: Foul Ball, location: 5F
0-2: Ball
1-2: Foul Ball, location: 5FF
1-2: Ball
2-2: Ball
3-2: SINGLE (Groundball, 5D, EV 101.9 MPH)
Pitching: RHP Brad Gross
Batting: RHB Pierce Speck 0-0: Called Strike
0-1: Foul Ball, location: 2F
0-2: Strikes out swinging
Batting: RHB Daniel Nieto 0-0: Ball
1-0: Called Strike
1-1: Swinging Strike
1-2: Ball
2-2: Ball
3-2: Strikes out swinging
Bottom of the 8th over - 0 runs, 1 hit, 0 errors, 1 left on base; Kingsport 5 - San Francisco (Rk+) 1
TOP OF THE 9TH
Kingsport Mets batting - Pitching for San Francisco (Rk+) Giants : RHP Phil Banning
Batting: RHB Bob Bell 0-0: Foul Ball, location: 2RF
0-1: Called Strike
0-2: SINGLE (Line Drive, 34, EV 98.8 MPH)
Batting: RHB Alex Campos 0-0: Ball
1-0: Called Strike
1-1: Called Strike
1-2: Ball
Balk!
Bob Bell to second
2-2: Ball
3-2: SINGLE (Line Drive, 56D, EV 98.8 MPH)
Bob Bell to third
Batting: RHB Matt Williams 0-0: Ball
1-0: Grounds into double play, 4-6-3 (Groundball, 4, EV 105.0 MPH)
Bob Bell scores
Batting: RHB Tony Arredondo 0-0: Called Strike
0-1: Foul Ball, location: 23F
0-2: Ball
1-2: Foul Ball, location: 2F
1-2: Foul Ball, location: 5F
1-2: Ball
2-2: Hit by Pitch
Pitching: RHP Bill Bilton
Batting: RHB Frits Boere 0-0: Ball
1-0: Ball
Tony Arredondo steals 2nd base
2-0: Fly out, F9 (Flyball, 89D, EV 93.8 MPH)
Top of the 9th over - 1 run, 2 hits, 0 errors, 1 left on base; Kingsport 6 - San Francisco (Rk+) 1
BOTTOM OF THE 9TH
San Francisco (Rk+) Giants batting - Pitching for Kingsport Mets : RHP Brad Gross
Pinch Hitting: RHB Jose Bautista 0-0: Ball
1-0: Ball
2-0: Ball
3-0: Called Strike
3-1: Hit by Pitch
Batting: RHB Austin Higgins 0-0: Called Strike
0-1: Called Strike
0-2: Ball
1-2: Ball
2-2: Foul Ball, location: 9LMF
2-2: Strikes out swinging
Batting: SHB Jesse Mason 0-0: Called Strike
0-1: Foul Ball, location: 2F
0-2: Ball
1-2: Strikes out swinging
Pinch Hitting: LHB David Wilson 0-0: Ball
1-0: Called Strike
1-1: Called Strike
1-2: Ball
2-2: Ball
3-2: Base on Balls
Jose Bautista to second
Batting: RHB Angel Villalba 0-0: Fielders Choice at 2nd, U4 (Groundball, 4M, EV 91.3 MPH)
Bottom of the 9th over - 0 runs, 0 hits, 0 errors, 2 left on base; Kingsport 6 - San Francisco (Rk+) 1
Friday, May 10th , 2024 - OOTP Baseball 24.11 Build 85